 Dungeon Crawl Stone Soup version 0.31-a0-1008-g5b978dac0e (webtiles) character file.

Game seed: 3741083067538304580

45070 Colgate the Brawler (level 13, -3/133 HPs)
             Began as a Troll Shapeshifter on Nov 10, 2023.
             Was a High Priest of Makhleb.
             Slain by a six-headed hydra (9 damage)
             ... on level 5 of the Lair of Beasts on Nov 12, 2023.
             The game lasted 01:34:17 (16072 turns).

Colgate the Brawler (Troll Shapeshifter)           Turns: 16072, Time: 01:34:18

Health: -3/133     AC: 10    Str: 35    XL:     13   Next: 99%
Magic:  18/18      EV: 11    Int:  6    God:    Makhleb [*****.]
Gold:   808        SH:  0    Dex:  9    Spells: 12/12 levels left

rFire   . .          .
                       - Unarmed
rCold   + . .        (shield currently unavailable)
rNeg    . . .        U - +2 robe {rC+}
rPois   .            o - +2 hat
rElec   .            (no cloak)
rCorr   .            (gloves unavailable)
SInv    .            (boots unavailable)
Will    .....        n - amulet of regeneration
Stlth   +            M - +4 ring of protection
HPRegen 2.02/turn    F - +6 ring of strength
MPRegen 0.16/turn

%: no passive effects
@: about to teleport, blade hands
A: large, unfitting armour, (claws 3), regeneration 1, shaggy fur 1, tough skin
1
a: Begin Untransformation, Renounce Religion, Minor Destruction, Lesser Servant
of Makhleb, Major Destruction, Greater Servant of Makhleb


You were on level 5 of the Lair of Beasts.
You worshipped Makhleb.
Makhleb was extremely pleased with you.
You had blades for hands.
You visited 4 branches of the dungeon, and saw 16 of its levels.

You collected 808 gold pieces.

Inventory:

Armour
 o - a +2 hat (worn)
 H - +0 acid dragon scales
 U - a +2 robe of cold resistance (worn)
 V - +0 steam dragon scales
Jewellery
 a - a ring of ice
 e - a +5 ring of evasion
 n - an amulet of regeneration (around neck)
 q - an amulet of reflection
 y - an amulet of guardian spirit
 B - a ring of see invisible
 E - a ring of positive energy
 F - a +6 ring of strength (right blade hand)
 M - a +4 ring of protection (left blade hand)
 S - a ring of fire
Talismans
 c - a beast talisman
 d - a flux talisman
 G - a blade talisman (active)
 Y - a dragon-blood talisman
Wands
 u - a wand of flame (3)
 z - a wand of acid (7) {@v1}
 J - a wand of charming (12)
 K - a wand of mindburst (20)
 O - a wand of iceblast (2) {@v2}
 X - a wand of digging (7) {@v3}
Scrolls
 b - a scroll of immolation {unknown}
 g - 2 scrolls of enchant armour
 h - 3 scrolls of amnesia
 j - 5 scrolls of fog
 k - a scroll of butterflies
 l - a scroll of acquirement {unknown}
 m - a scroll of silence {unknown}
 p - 5 scrolls of teleportation {@r3}
 s - 2 scrolls of fear
 w - a scroll of enchant weapon {unknown}
 A - 3 scrolls of revelation
 D - a scroll of blinking {@r4}
 L - a scroll of brand weapon {unknown}
 R - a scroll of noise
 W - a scroll of vulnerability {unknown}
 Z - a scroll of poison {unknown}
Potions
 f - 15 potions of curing {@q1}
 i - 7 potions of brilliance
 r - 2 potions of degeneration
 t - 3 potions of invisibility
 v - 2 potions of enlightenment
 x - 3 potions of might {@q3}
 I - a potion of attraction
 N - a potion of resistance {@q5}
 P - a potion of ambrosia {unknown}
 Q - a potion of cancellation {unknown}
 T - a potion of lignification


   Skills:
 + Level 9.9 Fighting
 - Level 4.1 Throwing
 - Level 5.3 Dodging
 - Level 1.2 Stealth
 - Level 15.0 Unarmed Combat
 - Level 8.0 Invocations
 - Level 2.4 Evocations
 - Level 10.0 Shapeshifting


You had 12 spell levels left.
You didn't know any spells.
Your spell library contained the following spells:

 Spells                   Type           Power      Damage    Failure   Level
 Apportation              Tloc           0%         N/A       45%         1
 Freeze                   Ice            0%         1d3       45%         1
 Necrotise                Necr           0%         1d4       45%         1
 Sandblast                Erth           0%         2d4       45%         1
 Summon Small Mammal      Summ           0%         N/A       45%         1
 Ensorcelled Hibernation  Hex/Ice        0%         N/A       58%         2
 Passwall                 Tmut/Erth      0%         N/A       58%         2
 Call Canine Familiar     Summ           0%         N/A       83%         3
 Frozen Ramparts          Ice            0%         1d1       83%         3
 Hailstorm                Conj/Ice       0%         3d3       83%         3
 Ignite Poison            Fire/Tmut/Pois 0%         N/A       83%         3
 Stone Arrow              Conj/Erth      0%         3d7       83%         3
 Summon Guardian Golem    Hex/Summ       0%         N/A       83%         3
 Swiftness                Air            0%         N/A       83%         3
 Vampiric Draining        Necr           0%         2d6       83%         3
 Brom's Barrelling Bould  Conj/Erth      0%         2d3       99%         4
 Manifold Assault         Tloc           0%         N/A       99%         4
 Sticky Flame             Conj/Fire      0%         2d3       99%         4
 Agony                    Necr           0%         N/A       100%        5
 Dispersal                Tloc           0%         N/A       100%        6
 Disjunction              Tloc           0%         N/A       100%        8
 Ignition                 Fire           0%         3d3       100%        8


Dungeon Overview and Level Annotations

Branches:
Dungeon (9/15)             Temple (1/1) D:7            Lair (5/5) D:9
 Shoals (0/4) Lair:3        Snake (1/4) Lair:3
  Slime: Lair:4-5       Orc: D:9-12

Altars:
Ashenzari
Cheibriados
Dithmenos
Elyvilon
Fedhas
Gozag
Hepliaklqana
Kikubaaqudgha
Makhleb
Qazlal
Ru
Sif Muna
Wu Jian
Yredelemnul
The Shining One

Shops:
D:4 :


Innate Abilities, Weirdness & Mutations

You have blades for hands.
You are incapable of wielding weapons or throwing items.
You are too large for most types of armour.
((You have claws for hands.))
Your natural rate of healing is unusually fast.
You are covered in fur. (AC +1)
You have tough skin. (AC +1)


Message History

Okay, then.
A demon appears!
It doesn't seem very happy.
The six-headed hydra is engulfed in a cloud of scalding steam.
A demon appears!
It doesn't seem very happy.
The six-headed hydra is engulfed in a cloud of scalding steam.
The six-headed hydra bites you! x2; The six-headed hydra misses you. x2
The six-headed hydra bites you but does no damage.
The six-headed hydra bites you. The blizzard demon gestures at you.
The bolt of lightning hits you! The bolt of lightning hits you!!
The bolt of lightning hits the blizzard demon.
The blizzard demon completely resists.
You hear a loud, deep croak!
Okay, then.
As you read the scroll of teleportation {@r3}, it crumbles to dust.
You feel strangely unstable.
The six-headed hydra is engulfed in a cloud of scalding steam.
The six-headed hydra closely misses you.
The six-headed hydra bites you. The six-headed hydra barely misses you.
The six-headed hydra bites you but does no damage.
The six-headed hydra misses you. The six-headed hydra bites you.
The six-headed hydra is engulfed in a cloud of scalding steam.
The six-headed hydra attacks as it pursues you!
The six-headed hydra bites you. x3
* * * LOW HITPOINT WARNING * * *
The six-headed hydra bites you.
* * * LOW HITPOINT WARNING * * *
The six-headed hydra bites you.
* * * LOW HITPOINT WARNING * * *
The six-headed hydra bites you!
* * * LOW HITPOINT WARNING * * *
The six-headed hydra bites you!
* * * LOW HITPOINT WARNING * * *
The six-headed hydra bites you.
* * * LOW HITPOINT WARNING * * *
The six-headed hydra bites you but does no damage.
The six-headed hydra misses you. The six-headed hydra bites you!
You die...

... ~≈~~~≈~~~~~~.#.
.~...~# ~~~~~~≈~~≈~~.##
.~..~~. ~~~≈≈≈~~~~~~~#
.~P~≈≈. ~~~≈≈≈~~~~~≈~.#
...~~~~##~~~≈~≈~~P~~P~~#
...~P~~.##~≈~≈~~~~~~~~.#
..~~~P~.##≈~~~~~~~~≈~~..
..~≈~~~~##.~.~~~≈~~~~~..
P~~~~≈~@##~~~.~~~#≈≈~~≈.
.~~#~≈2D#~~~~~.≈~#~~~~~.
##~2§#~..~~~≈~##≈~~~~
###§§~[..†~~#####~~~
#~~~~[..~~~~~##~~~.
#D~.~~).~#~~~~.~~~.
~~#~~~[†~~~#~~~~≈~~.~
~~~~≈~~~.~~##~~~~~~~..
.~~~~~~~~~†.##.~~~~~~..


You could see a cacodemon (summoned), a six-headed hydra and a blizzard demon
(summoned).

Vanquished Creatures
  Gastronok (Lair:2)
  3 hydras
  A catoblepas (Lair:1)
  A two-headed ogre (D:9)
  5 death yaks (Lair:4)
  Nergalle (Lair:2)
  2 skysharks
  A fire crab (Lair:2)
  A harpy (Lair:3)
  Pikel (D:7)
  3 black mambas
  14 elephants
  Maggie (D:7)
  2 rime drakes
  15 cane toads
  4 komodo dragons
  3 tyrant leeches
  3 polar bears
  11 dream sheep
  20 blink frogs
  23 yaks
  A wraith (D:9)
  A steam dragon (Lair:2)
  2 basilisks
  3 wyverns
  Edmund (D:5)
  Menkaure (D:5)
  5 vampire mosquitoes
  An acid dragon (D:8)
  Duvessa (D:5)
  17 water moccasins
  2 ice beasts
  8 orc warriors
  An ogre (D:6)
  3 black bears
  23 wolves
  2 centaurs (D:8)
  A lemure (D:7)
  A phantom (D:5)
  17 bullfrogs
  3 kobold brigands
  2 gnoll sergeants
  5 scorpions
  4 wights
  Dowan (D:5)
  8 killer bees
  4 electric eels
  A howler monkey (D:9)
  6 hounds
  2 jellies
  8 orc priests
  2 gnoll boudas
  2 sleepcaps
  3 iguanas
  9 orc wizards
  Robin (D:1)
  12 gnolls
  6 adders
  A shadow imp (D:5)
  2 white imps (D:7)
  4 ufetubi
  3 worms
  5 dart slugs
  38 orcs
  2 ball pythons
  8 endoplasms
  6 giant cockroaches
  14 goblins
  11 hobgoblins
  8 jackals
  A quokka (D:5)
  2 bats
  3 frilled lizards
  27 kobolds
  4 rats
425 creatures vanquished.

Vanquished Creatures (collateral kills)
  A skyshark (Lair:5)
  An elephant (Lair:4)
  3 cane toads (Lair:5)
  A torpor snail (Lair:5)
  A blink frog (Lair:5)
7 creatures vanquished.

Grand Total: 432 creatures vanquished

Notes
Turn   | Place    | Note
-------+----------+-------------------------------------------
     0 | D:1      | Colgate the Troll Shapeshifter began the quest for the Orb.
     0 | D:1      | Reached XP level 1. HP: 18/18 MP: 0/0
   179 | D:1      | Reached XP level 2. HP: 18/26 MP: 1/1
   389 | D:1      | Reached skill level 4 in Unarmed Combat
   591 | D:2      | Noticed Robin
   610 | D:1      | Reached XP level 3. HP: 24/32 MP: 2/2
   664 | D:1      | Killed Robin
  1270 | D:2      | Identified the +1 long sword of Demonkind {speed, rPois
                  | rN+}
  1305 | D:2      | Reached skill level 5 in Unarmed Combat
  1305 | D:2      | Reached XP level 4. HP: 40/40 MP: 3/3
  2229 | D:3      | Reached XP level 5. HP: 46/46 MP: 4/4
  2238 | D:4      | Reached skill level 6 in Unarmed Combat
  2753 | D:4      | Found Liupre's Book Emporium.
  3050 | D:4      | Reached XP level 6. HP: 43/54 MP: 5/5
  3217 | D:4      | Reached skill level 7 in Unarmed Combat
  3282 | D:5      | Entered Level 5 of the Dungeon
  3383 | D:5      | Noticed Duvessa
  3383 | D:5      | Noticed Dowan
  3392 | D:5      | Killed Duvessa
  3393 | D:5      | Reached skill level 8 in Unarmed Combat
  3393 | D:5      | Reached XP level 7. HP: 61/61 MP: 6/6
  3402 | D:5      | Killed Dowan
  3403 | D:5      | Reached skill level 1 in Fighting
  3756 | D:5      | Noticed Edmund
  3766 | D:5      | Killed Edmund
  3789 | D:5      | Noticed Menkaure
  3804 | D:5      | Killed Menkaure
  3805 | D:5      | Reached XP level 8. HP: 78/78 MP: 7/7
  3996 | D:5      | You fall into a shaft and drop 1 floor!
  4051 | D:5      | Found a burning altar of Makhleb.
  4056 | D:5      | Reached skill level 9 in Unarmed Combat
  4163 | D:5      | Became a worshipper of Makhleb the Destroyer
  4385 | D:6      | Reached skill level 10 in Unarmed Combat
  4492 | D:6      | Found a shadowy altar of Dithmenos.
  4711 | D:6      | Upgraded the game from 0.31-a0-1002-g8e65716e6e to
                  | 0.31-a0-1008-g5b978dac0e
  4751 | D:7      | Identified the +4 rapier of Quantum Leap {freeze, Dex+2}
  4780 | D:7      | Found a staircase to the Ecumenical Temple.
  4789 | Temple   | Entered the Ecumenical Temple
  4851 | D:7      | Noticed Maggie
  4861 | D:7      | Killed Maggie
  4862 | D:7      | Reached skill level 11 in Unarmed Combat
  4862 | D:7      | Reached XP level 9. HP: 84/84 MP: 8/8
  4868 | D:7      | Reached * piety under Makhleb
  5986 | D:8      | Reached skill level 12 in Unarmed Combat
  6030 | D:8      | Reached skill level 1 in Evocations
  6036 | D:8      | Reached skill level 1 in Throwing
  6138 | D:8      | Reached skill level 1 in Stealth
  6299 | D:8      | Found a glowing golden altar of the Shining One.
  6397 | D:8      | Noticed Pikel
  6415 | D:7      | Killed Pikel
  6416 | D:7      | Reached skill level 5 in Shapeshifting
  6416 | D:7      | Reached XP level 10. HP: 82/92 MP: 9/9
  6997 | D:8      | Found a glowing golden altar of the Shining One.
  7486 | D:9      | Reached ** piety under Makhleb
  7617 | D:9      | Found a staircase to the Lair.
  7914 | D:9      | Reached *** piety under Makhleb
  8151 | D:9      | Noticed a two-headed ogre
  8602 | D:9      | Killed a two-headed ogre
  8603 | D:9      | Reached skill level 10 in Shapeshifting
  8603 | D:9      | Reached XP level 11. HP: 70/98 MP: 10/10
  8613 | Lair:1   | Entered Level 1 of the Lair of Beasts
  8972 | Lair:1   | Reached **** piety under Makhleb
  9198 | Lair:1   | Reached skill level 1 in Invocations
  9201 | Lair:1   | Noticed a catoblepas
  9216 | Lair:1   | Killed a catoblepas
  9772 | Lair:2   | Noticed a skyshark
  9783 | Lair:1   | Killed a skyshark
  9978 | Lair:2   | Noticed a seven-headed hydra
  9995 | Lair:2   | Killed a seven-headed hydra
  9996 | Lair:2   | Reached skill level 13 in Unarmed Combat
 10028 | Lair:2   | Noticed Nergalle
 10034 | Lair:2   | Killed Nergalle
 10105 | Lair:2   | Reached skill level 5 in Fighting
 10766 | Lair:3   | Noticed a fire crab
 10859 | Lair:3   | Noticed Gastronok
 10864 | Lair:2   | Reached XP level 12. HP: 111/111 MP: 14/14
 10883 | Lair:2   | Killed Gastronok
 10911 | Lair:2   | Reached skill level 5 in Dodging
 10988 | Lair:3   | Found a staircase to the Snake Pit.
 11956 | Lair:3   | Found a staircase to the Shoals.
 12497 | Snake:1  | Entered Level 1 of the Snake Pit
 12710 | Lair:4   | Reached ***** piety under Makhleb
 13278 | Lair:4   | Reached XP level 13. HP: 129/131 MP: 15/15
 14310 | Lair:5   | Entered Level 5 of the Lair of Beasts
 14354 | Lair:4   | Reached skill level 5 in Invocations
 15413 | Lair:5   | Reached skill level 14 in Unarmed Combat
 16018 | Lair:5   | Reached skill level 15 in Unarmed Combat
 16069 | Lair:5   | Noticed a blizzard demon
 16070 | Lair:5   | Noticed a cacodemon
 16072 | Lair:5   | HP: 6/133 [six-headed hydra (2)]
 16072 | Lair:5   | Slain by a six-headed hydra

Illustrated notes

Levels and vault maps discovered:
D:1:      sevenhm_arrival_forest_fort_small_4, layout_basic
D:2:      minmay_door_path, layout_loops_ring, minivault_19,
          nicolae_eternal_life, uniq_robin
D:3:      kb_forest_paths, layout_loops_corners, minmay_overflow_temple_hex,
          vehumet_statue, minmay_cut_off
D:4:      layout_loops_corners, serial_shops, nicolae_shop_peninsula
D:5:      layout_loops_cross, makhleb_heckhound_becter, roderic_lattice_a,
          uniq_edmund, uniq_menkaure, uniq_duvessa
D:6:      layout_cave_pools, kennysheep_mini_moat
D:7:      layout_basic, lemuel_temple_firewalk_a, uniq_maggie
D:8:      layout_cave_pools, nicolae_tso_carved_into_rock,
          minmay_increasing_density, uniq_pikel
D:9:      layout_loops_ring, due_lair_maze_entry_diamond, hiddenorc1_lemuel,
          grunt_ministairs_12
Temple:   nicolae_temple_no_exploring_needed
Lair:1:   layout_regular_city, nicolae_quartered_pool_super,
          infiniplex_staircase_pool, lemuel_fruit_fields, serial_bayou_shore_a,
          grunt_megastairs_4
Lair:2:   layout_loops_ring, grunt_megastairs_2, uniq_nergalle
Lair:3:   layout_chaotic_city, nicolae_shoals_entry_roost, dummy_snake_entry,
          grunt_forest_large_clearings, lemuel_fruit_tree, uniq_gastronok
Lair:4:   layout_regular_city, grunt_megastairs_3
Lair:5:   minmay_lair_end_frog_pond, layout_misc_corridors, slime_entry_1
Snake:1:  layout_misc_corridors, nicolae_snake_horde_hoard, uniq_mlioglotl

Skill      XL: |  1  2  3  4  5  6  7  8  9 10 11 12 13 |
---------------+----------------------------------------+-----
Unarmed Combat | 4 5 6 8 11 12 13 15 | 15.0
Fighting       | 3 5 9 |  9.9
Evocations     | 1 2 |  2.4
Throwing       | 4 |  4.1
Stealth        | 1 |  1.2
Shapeshifting  | 5 10 | 10.0
Dodging        | 3 5 |  5.3
Invocations    | 4 8 |  8.0

Action                     |  1- 3 |  4- 6 |  7- 9 | 10-12 | 13-15 || total
---------------------------+-------+-------+-------+-------+-------++-------
  Melee: Unarmed           |    95 |   113 |   215 |   531 |   187 ||  1141
         Punch             |       |     3 |    13 |    23 |    14 ||    53
  Throw: Boomerang         |       |       |    11 |       |       ||    11
 Invoke: Minor Destruction |       |       |       |    95 |   145 ||   240
         Lesser Servant of |       |       |       |     2 |       ||     2
         Major Destruction |       |       |       |       |     3 ||     3
         Greater Servant o |       |       |       |       |     3 ||     3
  Evoke: Wand              |       |       |     2 |     4 |     2 ||     8
    Use: Scroll            |       |     1 |     4 |    10 |     5 ||    20
         Potion            |       |     2 |     2 |     1 |     1 ||     6
   Stab: Sleeping          |       |     1 |       |       |       ||     1
         Invisible         |       |       |       |     1 |       ||     1
         Distracted        |       |       |       |       |     1 ||     1
 Armour: Animal skin       |    78 |    50 |    39 |       |       ||   167
         Skin              |       |     2 |     6 |       |       ||     8
         Acid dragon scale |       |       |    42 |   156 |       ||   198
         Robe              |       |       |       |   125 |   225 ||   350
  Dodge: Dodged            |    41 |    39 |    96 |   300 |   139 ||   615
  Block: Other             |       |    20 |    47 |    34 |       ||   101
         Reflection        |       |     1 |     5 |     3 |       ||     9
   Form: Blade             |       |       |       |     1 |       ||     1
         Flux              |       |       |       |     1 |       ||     1

Table legend: (Time is in decaauts)
 A = Elapsed time spent in this place.
 B = Non-inter-level travel time spent in this place.
 C = Inter-level travel time spent in this place.
 D = Time resting spent in this place.
 E = Time spent auto-exploring this place.
 F = Levels seen in this place.
 G = Mean time per level.
                   A        B        C        D        E       F      G
               +--------+--------+--------+--------+--------+-----+--------+
         Total |  15876 |  15073 |    803 |   3363 |   8455 |  16 |  992.2 |
       Dungeon |   8483 |   7983 |    500 |    494 |   5746 |   9 |  942.6 |
        Temple |      1 |      1 |      0 |      0 |      0 |   1 |    1.0 |
          Lair |   7389 |   7087 |    302 |   2868 |   2709 |   5 | 1477.8 |
     Snake Pit |      1 |      1 |      0 |      0 |      0 |   1 |    1.0 |
               +--------+--------+--------+--------+--------+-----+--------+

Top non-repeatable levels by time:
  Lair:4: 2321 daAuts
  Lair:3: 1537 daAuts
     D:8: 1356 daAuts
     D:7: 1332 daAuts
  Lair:1: 1275 daAuts
  Lair:5: 1153 daAuts
  Lair:2: 1101 daAuts
     D:4: 1072 daAuts
     D:9: 1067 daAuts
     D:5: 897 daAuts
     D:2: 857 daAuts
     D:3: 703 daAuts
     D:1: 638 daAuts
     D:6: 557 daAuts
  Temple: 1 daAuts
